Map: Jagannatha LE

Players

soul - Winner!

  • Race: Terran Terran
  • League: Grandmaster
  • Spawn Location: 1:00

Rail

  • Race: Protoss Protoss
  • League: Master
  • Spawn Location: 7:00

Event: DreamHack SC2 Masters 2020 Winter

VOD

Have the link to the VOD?

Description

Time

  • Played on: Oct. 22, 2020, 1:14 p.m.
  • Length: 8:54

All games in this series

Show
View Real Time Build Order
Export as new Build Order

soul Terran - Winner!

Build Orders: Reaper Expand, Banshee Rush 

Get SALT Encoding   

  12  0:00  SCV  
  13  0:12  SCV  
  14  0:17  Supply Depot  
  14  0:24  SCV  
  15  0:38  SCV  
  15  0:40  Barracks  
  16  0:43  Refinery  
  16  0:50  SCV  
  17  1:03  SCV  
  18  1:15  SCV  
  19  1:27  Orbital Command, Reaper  
  20  1:40  Command Center  
  20  1:50  Supply Depot  
  20  1:53  SCV  
  21  1:59  Marine  
  22  2:05  Factory  
  22  2:08  SCV  
  23  2:17  Bunker  
  23  2:18  Refinery  
  23  2:21  SCV  
  23  2:22  Barracks Reactor  
  24  2:33  SCV  
  25  2:45  SCV  
  25  2:51  Starport  
  28  2:53  Orbital Command  
  28  2:57  SCV  
  29  2:59  Marine x2, Factory Tech Lab  
  29  3:09  SCV  
  30  3:17  Cyclone, Marine x2  
  35  3:20  SCV  
  35  3:22  SCV  
  37  3:30  Starport Tech Lab  
  37  3:32  SCV  
  37  3:34  SCV  
  39  3:35  Marine  
  39  3:36  Marine  
  40  3:44  SCV  
  40  3:45  Supply Depot  
  40  3:46  SCV  
  42  3:49  Cloaking Field  
  42  3:53  Marine  
  42  3:54  Marine  
  44  3:56  SCV  
  44  3:58  Supply Depot, SCV  
  46  4:04  Supply Depot  
  46  4:07  Banshee  
  46  4:08  SCV  
  50  4:10  SCV  
  50  4:12  Supply Depot  
  51  4:20  SCV  
  51  4:22  SCV  
  51  4:24  Siege Tank  
  56  4:26  Supply Depot  
  56  4:27  Marine  
  57  4:32  Supply Depot, SCV  
  57  4:34  SCV  
  60  4:46  SCV  
  60  4:47  Command Center  
  60  4:48  SCV  
  60  4:49  Banshee  
  64  4:57  Marine  
  64  4:58  SCV  
  64  4:59  Marine  
  67  5:00  SCV  
  67  5:06  Barracks  
  68  5:07  Refinery  
  68  5:08  Barracks  
  68  5:10  SCV, Refinery  
  68  5:13  Siege Tank  
  71  5:15  Marine  
  72  5:23  Engineering Bay  
  72  5:24  SCV, Engineering Bay  
  72  5:25  SCV  
  74  5:31  Marine  
  74  5:32  Supply Depot, Banshee  
  74  5:33  Marine  
  79  5:38  SCV  
  80  5:46  Barracks  
  80  5:47  SCV, Barracks  
  80  5:49  Siege Tank  
  84  5:53  Terran Infantry Weapons Level 1  
  84  5:55  Barracks Tech Lab  
  84  5:56  Barracks Tech Lab  
  84  6:01  Orbital Command  
  84  6:02  Terran Infantry Armor Level 1  
  83  6:04  Marine  
  83  6:08  SCV x2, Marine  
  87  6:16  Stimpack  
  87  6:18  Marauder  
  89  6:20  SCV, Marine  
  89  6:21  Supply Depot  
  89  6:23  SCV  
  91  6:26  Marine  
  91  6:30  Marine  
  93  6:33  Starport Reactor  
  93  6:37  SCV  
  93  6:39  Marauder x2  
  98  6:43  SCV  
  98  6:44  Marine  
  98  6:45  Barracks Tech Lab, Barracks Reactor  
  100  6:48  Marine  
  100  6:53  Siege Tank, SCV  
  102  6:57  Combat Shield  
  102  7:00  Marauder x2  
  106  7:02  SCV, Marine  
  106  7:05  Marauder  
  106  7:06  Bunker  
  112  7:09  Bunker  
  112  7:13  Marine  
  112  7:14  Supply Depot x2  
  112  7:15  Orbital Command  
  109  7:17  SCV  
  109  7:20  Marine  
  109  7:21  Medivac  
  109  7:22  Marauder x2  
  115  7:28  Marauder, Marine, Supply Depot x2  
  115  7:29  Medivac  
  120  7:31  Marine  
  121  7:43  SCV x3, Marauder x2  
  125  7:51  Medivac  
  125  7:54  Supply Depot  
  125  7:55  Concussive Shells, Armory, SCV x2, Supply Depot  
  125  7:56  SCV  
  125  7:57  Supply Depot, Ghost Academy  
  130  8:01  Marine, Marauder  
  132  8:05  Marine  
  132  8:06  Marauder  
  132  8:07  Supply Depot  
  134  8:12  Marine  
  134  8:13  Marauder  
  134  8:15  Medivac  
  134  8:16  Marine  
  134  8:19  Marine, Supply Depot  
  140  8:23  Marauder  
  144  8:27  Supply Depot  
  144  8:28  Marine, Marauder  
  144  8:29  SCV  
  144  8:31  Marine  
  149  8:36  Marine, SCV  
Show
View Real Time Build Order
Export as new Build Order

Rail Protoss 

Build Orders: 1 Gate Expand, Oracle Opening 

Get SALT Encoding   

  12  0:00  Probe  
  13  0:12  Probe  
  14  0:18  Pylon  
  14  0:24  Probe (Chrono Boost)  
  15  0:37  Gateway, Probe (Chrono Boost)  
  16  0:44  Probe (Chrono Boost)  
  16  0:46  Assimilator  
  17  0:52  Probe  
  18  1:04  Probe  
  19  1:16  Probe  
  20  1:24  Cybernetics Core  
  20  1:36  Nexus  
  20  1:43  Pylon  
  20  1:49  Assimilator  
  20  1:51  Probe  
  21  1:57  Adept (Chrono Boost)  
  23  2:03  Probe  
  24  2:15  Stargate  
  24  2:16  Probe  
  24  2:19  Adept (Chrono Boost)  
  27  2:28  Probe  
  28  2:30  Warp Gate  
  28  2:41  Adept (Chrono Boost)  
  30  2:44  Probe  
  30  2:48  Probe  
  32  2:57  Probe  
  33  3:00  Probe  
  33  3:02  Oracle  
  33  3:04  Adept (Chrono Boost)  
  40  3:13  Probe (Chrono Boost)  
  40  3:14  Probe (Chrono Boost)  
  41  3:22  Gateway  
  41  3:24  Probe x2 (Chrono Boost)  
  43  3:30  Pylon  
  43  3:34  Probe  
  42  3:35  Probe  
  43  3:47  Probe (Chrono Boost)  
  45  3:48  Probe (Chrono Boost)  
  45  3:49  Twilight Council  
  45  3:59  Probe (Chrono Boost)  
  47  4:02  Probe (Chrono Boost)  
  47  4:05  Pylon  
  47  4:06  Gateway, Probe (Chrono Boost)  
  48  4:11  Assimilator  
  48  4:14  Probe  
  49  4:18  Blink (Chrono Boost)  
  49  4:19  Probe  
  49  4:21  Stalker x2  
  50  4:28  Probe  
  50  4:30  Pylon  
  51  4:32  Probe  
  52  4:42  Probe  
  52  4:45  Stalker x2  
  57  4:48  Gateway  
  57  4:51  Probe  
  58  5:01  Stalker  
  60  5:09  Nexus  
  60  5:11  Stalker  
  62  5:15  Stalker  
  62  5:21  Pylon  
  64  5:24  Stalker  
  64  5:28  Robotics Facility, Probe  
  67  5:30  Probe  
  68  5:37  Stalker  
  68  5:42  Stalker, Pylon  
  72  5:46  Stalker  
  74  5:50  Stalker  
  74  5:53  Probe  
  77  6:00  Probe  
  77  6:01  Stalker  
  80  6:05  Probe  
  81  6:12  Probe  
  81  6:17  Probe (Chrono Boost)  
  83  6:26  Probe (Chrono Boost)  
  83  6:28  Observer  
  83  6:32  Probe (Chrono Boost)  
  81  6:34  Stalker  
  81  6:36  Probe x2 (Chrono Boost)  
  81  6:41  Probe  
  81  6:45  Probe  
  82  6:50  Observer  
  82  6:52  Probe  
  83  6:55  Probe  
  83  7:01  Probe  
  87  7:03  Charge  
  84  7:13  Probe (Chrono Boost)  
  84  7:14  Probe (Chrono Boost)  
  84  7:15  Pylon  
  84  7:17  Probe (Chrono Boost)  
  84  7:19  Robotics Bay  
  84  7:22  Probe (Chrono Boost)  
  86  7:23  Assimilator  
  86  7:25  Probe (Chrono Boost)  
  86  7:26  Pylon, Probe (Chrono Boost)  
  86  7:27  Probe (Chrono Boost)  
  88  7:32  Pylon  
  88  7:34  Forge, Probe  
  88  7:36  Stalker x2, Probe  
  92  7:38  Forge  
  92  7:40  Probe (Chrono Boost)  
  92  7:45  Stalker  
  92  7:47  Probe (Chrono Boost)  
  92  7:48  Probe (Chrono Boost)  
  94  7:57  Probe (Chrono Boost)  
  94  7:58  Probe (Chrono Boost)  
  97  7:59  Probe (Chrono Boost)  
  97  8:02  Probe (Chrono Boost)  
  97  8:03  Probe (Chrono Boost)  
  97  8:04  Probe (Chrono Boost)  
  100  8:10  Assimilator x2  
  100  8:11  Shield Battery  
  100  8:12  Stalker, Zealot, Probe  
  104  8:14  Nexus  
  104  8:15  Probe x2  
  104  8:24  Stalker  
  104  8:25  Zealot  
  104  8:30  Probe  
  104  8:31  Probe  
Tags
 
Add a new tag
Caveats
  • Supply blocks, unpowered buildings, or Contaminate may cause inaccurate times.
  • Supply counts are checked every 10 seconds.